[ PARTIDA AOE2 · #481410008 ]
UnrankedIncas vs Spanish
[ ANÁLISIS DE REPETICIÓN · EXTRAÍDO DE LA PARTIDA GRABADA ]
Feudal
11:21
Castillos
15:10
Imperial
—
| APM promedio | 26.9 |
| APM pico | 59 |
| eAPM promedio | 10.4 |
| Aldeanos / militares | 29 / 4 |
Foco
⚔️ 23.0% · 🌾 77.0%
Kamayuk ×4
Feudal
10:33
Castillos
—
Imperial
—
| APM promedio | 60.0 |
| APM pico | 103 |
| eAPM promedio | 21.1 |
| Aldeanos / militares | 33 / 0 |
Foco
⚔️ 31.5% · 🌾 68.5%
Feudal
9:04
Castillos
—
Imperial
—
| APM promedio | 70.4 |
| APM pico | 115 |
| eAPM promedio | 21.4 |
| Aldeanos / militares | 35 / 20 |
Foco
⚔️ 25.5% · 🌾 74.5%
Archer ×20
Feudal
10:29
Castillos
15:13
Imperial
—
| APM promedio | 33.9 |
| APM pico | 72 |
| eAPM promedio | 12.7 |
| Aldeanos / militares | 40 / 0 |
Foco
⚔️ 17.2% · 🌾 82.8%
Feudal
10:07
Castillos
—
Imperial
—
| APM promedio | 45.8 |
| APM pico | 72 |
| eAPM promedio | 17.6 |
| Aldeanos / militares | 31 / 11 |
Foco
⚔️ 30.6% · 🌾 69.4%
Archer ×8 · Skirmisher ×2 · Spearman ×1
Feudal
9:45
Castillos
—
Imperial
—
| APM promedio | 22.8 |
| APM pico | 47 |
| eAPM promedio | 11.9 |
| Aldeanos / militares | 31 / 7 |
Foco
⚔️ 12.8% · 🌾 87.2%
Scout Cavalry ×7
Mapa de la partida
Recursos iniciales + cada clic de construcción. Líneas = muros · curvas = relieve. ◆ oro · ⬟ piedra · ● bayas · ✦ reliquia · ◌ hueco del cierre
Tu base· ✓ Cerrada en 15:10 · 0t muro · frágil
Base de 2EZ.Rolo· Abierta — flanco sin cerrar
Base de 2EZ.trombone· Abierta — flanco sin cerrar
Base de 2ez Scipi· Abierta — flanco sin cerrar
Base de 2EZ.Fish· Abierta — flanco sin cerrar
Base de 2EZ.Vasalarc· Abierta — flanco sin cerrar
Terreno inicial suavizado · ◌ = hueco del cierre detectado · pasá el cursor para detalles
Inputs por minuto
— 2EZ_behemoth_ - - 2EZ.Rolo
Build order — 2EZ_behemoth_
59 acciones detectadas en el replay
| 0:01 | Crear | Villager (Male) |
| 0:01 | Crear | Villager (Male) |
| 0:02 | Construir | House |
| 0:03 | Construir | House |
| 0:08 | Crear | Villager (Male) |
| 0:08 | Crear | Villager (Male) |
| 1:37 | Crear | Villager (Male) |
| 1:38 | Crear | Villager (Male) |
| 1:54 | Crear | Villager (Male) |
| 1:54 | Crear | Villager (Male) |
| 2:14 | Crear | Villager (Male) |
| 2:24 | Construir | Settlement |
| 2:53 | Crear | Villager (Male) |
| 3:03 | Crear | Villager (Male) |
| 3:46 | Crear | Villager (Male) |
| 3:47 | Crear | Villager (Male) |
| 4:27 | Crear | Villager (Male) |
| 5:00 | Crear | Villager (Male) |
| 5:24 | Crear | Villager (Male) |
| 5:30 | Construir | Settlement |
| 5:35 | Construir | Settlement |
| 5:36 | Crear | Villager (Male) |
| 5:58 | Crear | Villager (Male) |
| 6:30 | Crear | Villager (Male) |
| 6:59 | Crear | Villager (Male) |
| 7:06 | Crear | Villager (Male) |
| 7:30 | Crear | Villager (Male) |
| 7:58 | Crear | Villager (Male) |
| 7:58 | Investigar | Loom |
| 8:18 | Investigar | Feudal Age |
| 11:21 | Edad | Edad Feudal |
| 11:29 | Crear | Villager (Male) |
| 11:29 | Crear | Villager (Male) |
| 11:32 | Construir | Market |
| 11:34 | Construir | Blacksmith |
| 11:40 | Construir | Farm |
| 11:41 | Construir | Farm |
| 11:44 | Construir | Farm |
| 11:46 | Construir | Farm |
| 12:22 | Construir | Farm |
| 12:30 | Investigar | Castle Age |
| 13:18 | Investigar | Horse Collar |
| 13:26 | Construir | Farm |
| 13:28 | Investigar | Double-Bit Axe |
| 13:28 | Investigar | Double-Bit Axe |
| 14:34 | Construir | Farm |
| 15:01 | Crear | Villager (Male) |
| 15:01 | Crear | Villager (Male) |
| 15:10 | Edad | Edad de los Castillos |
| 15:12 | Construir | Castle |
| 15:16 | Construir | Settlement |
| 15:30 | Investigar | Scale Mail Armor |
| 15:48 | Construir | Settlement |
| 15:52 | Crear | Villager (Male) |
| 15:58 | Crear | Villager (Male) |
| 16:29 | Crear | Kamayuk |
| 16:29 | Crear | Kamayuk |
| 16:29 | Crear | Kamayuk |
| 16:54 | Crear | Kamayuk |
Build order — 2EZ.Rolo
73 acciones detectadas en el replay
| 0:01 | Crear | Villager (Male) |
| 0:02 | Crear | Villager (Male) |
| 0:02 | Crear | Villager (Male) |
| 0:02 | Crear | Villager (Male) |
| 0:04 | Construir | House |
| 0:05 | Construir | House |
| 1:35 | Crear | Villager (Male) |
| 1:35 | Crear | Villager (Male) |
| 1:41 | Crear | Villager (Male) |
| 1:41 | Crear | Villager (Male) |
| 2:13 | Construir | Lumber Camp |
| 2:21 | Crear | Villager (Male) |
| 2:21 | Crear | Villager (Male) |
| 2:35 | Crear | Villager (Male) |
| 2:59 | Crear | Villager (Male) |
| 3:25 | Crear | Villager (Male) |
| 4:04 | Crear | Villager (Male) |
| 4:17 | Construir | Palisade Gate |
| 4:28 | Construir | Palisade Gate |
| 4:39 | Crear | Villager (Male) |
| 4:39 | Crear | Villager (Male) |
| 4:45 | Construir | House |
| 5:07 | Crear | Villager (Male) |
| 5:08 | Crear | Villager (Male) |
| 5:30 | Crear | Villager (Male) |
| 5:30 | Crear | Villager (Male) |
| 6:42 | Construir | House |
| 6:49 | Construir | Mill |
| 6:56 | Construir | Mill |
| 7:00 | Crear | Villager (Male) |
| 7:36 | Crear | Villager (Male) |
| 7:38 | Investigar | Loom |
| 7:55 | Construir | Mining Camp |
| 8:23 | Investigar | Feudal Age |
| 8:59 | Construir | Farm |
| 9:01 | Construir | Farm |
| 9:35 | Construir | Mill |
| 10:11 | Crear | Villager (Male) |
| 10:33 | Edad | Edad Feudal |
| 10:39 | Construir | Stone Wall |
| 10:46 | Construir | Stone Wall |
| 10:49 | Crear | Villager (Male) |
| 11:02 | Construir | Stone Wall |
| 11:30 | Crear | Villager (Male) |
| 11:31 | Crear | Villager (Male) |
| 11:39 | Construir | Stone Wall |
| 11:59 | Crear | Villager (Male) |
| 11:59 | Crear | Villager (Male) |
| 12:00 | Construir | Farm |
| 12:07 | Construir | Stone Wall |
| 12:16 | Crear | Villager (Male) |
| 12:26 | Crear | Villager (Male) |
| 12:36 | Construir | Farm |
| 12:37 | Crear | Villager (Male) |
| 12:49 | Construir | Gate |
| 12:58 | Construir | Farm |
| 13:22 | Construir | House |
| 13:37 | Construir | Stone Wall |
| 14:01 | Construir | Gate |
| 14:14 | Construir | Gate |
| 14:18 | Crear | Villager (Male) |
| 14:20 | Construir | Farm |
| 14:28 | Construir | Stone Wall |
| 14:34 | Construir | Farm |
| 15:07 | Construir | Stone Wall |
| 15:14 | Construir | Stone Wall |
| 15:23 | Construir | Stone Wall |
| 15:30 | Construir | Farm |
| 15:31 | Crear | Villager (Male) |
| 15:35 | Construir | House |
| 15:49 | Construir | Gate |
| 15:56 | Construir | Gate |
| 16:02 | Construir | House |
Build order — 2EZ.trombone
81 acciones detectadas en el replay
| 0:01 | Crear | Villager (Male) ×4 |
| 0:02 | Construir | House |
| 0:03 | Construir | House |
| 1:29 | Crear | Villager (Male) |
| 2:04 | Crear | Villager (Male) |
| 2:12 | Construir | Lumber Camp |
| 2:24 | Crear | Villager (Male) |
| 2:36 | Crear | Villager (Male) |
| 3:13 | Crear | Villager (Male) |
| 3:39 | Crear | Villager (Male) |
| 3:51 | Crear | Villager (Male) |
| 4:13 | Construir | House |
| 4:37 | Crear | Villager (Male) |
| 4:46 | Crear | Villager (Male) |
| 5:01 | Crear | Villager (Male) |
| 5:35 | Crear | Villager (Male) |
| 6:00 | Construir | Mining Camp |
| 6:18 | Crear | Villager (Male) |
| 6:54 | Investigar | Feudal Age |
| 7:25 | Construir | House |
| 8:04 | Construir | Barracks |
| 8:47 | Crear | Villager (Male) |
| 8:49 | Investigar | Loom |
| 8:50 | Crear | Villager (Male) |
| 8:50 | Crear | Villager (Male) |
| 9:04 | Edad | Edad Feudal |
| 9:06 | Construir | Archery Range |
| 9:25 | Construir | Archery Range |
| 9:58 | Crear | Archer |
| 10:03 | Construir | House |
| 10:11 | Crear | Villager (Male) |
| 10:20 | Construir | Palisade Gate |
| 10:26 | Crear | Archer |
| 10:30 | Crear | Archer |
| 10:32 | Crear | Villager (Male) |
| 10:48 | Crear | Archer |
| 10:51 | Construir | House |
| 10:55 | Construir | House |
| 11:08 | Crear | Archer |
| 11:09 | Crear | Villager (Male) |
| 11:49 | Crear | Villager (Male) |
| 12:04 | Crear | Villager (Male) |
| 12:06 | Crear | Archer |
| 12:06 | Crear | Archer |
| 12:25 | Crear | Archer |
| 12:26 | Crear | Villager (Male) |
| 12:36 | Crear | Archer |
| 12:41 | Construir | Palisade Wall |
| 12:42 | Construir | House |
| 12:53 | Crear | Archer |
| 12:57 | Crear | Villager (Male) |
| 13:03 | Construir | Blacksmith |
| 13:21 | Crear | Villager (Male) |
| 13:34 | Crear | Archer |
| 13:35 | Crear | Villager (Male) |
| 13:39 | Construir | Mill |
| 13:49 | Crear | Villager (Male) |
| 13:53 | Crear | Archer |
| 14:02 | Construir | House |
| 14:05 | Investigar | Fletching |
| 14:16 | Crear | Villager (Male) |
| 14:18 | Construir | Farm |
| 14:30 | Construir | Farm |
| 14:33 | Crear | Archer |
| 14:39 | Construir | Palisade Wall |
| 14:48 | Crear | Villager (Male) |
| 14:59 | Crear | Archer |
| 14:59 | Crear | Archer |
| 15:01 | Crear | Villager (Male) |
| 15:17 | Construir | House |
| 15:18 | Crear | Villager (Male) |
| 15:30 | Construir | Stone Wall |
| 15:35 | Crear | Archer |
| 15:35 | Crear | Archer |
| 15:46 | Construir | Gate |
| 15:48 | Construir | Stone Wall |
| 16:20 | Crear | Archer |
| 16:20 | Crear | Archer |
| 16:23 | Crear | Villager (Male) |
| 16:38 | Crear | Villager (Male) |
| 16:54 | Crear | Archer |
Build order — 2ez Scipi
82 acciones detectadas en el replay
| 0:01 | Crear | Villager (Male) |
| 0:01 | Crear | Villager (Male) |
| 0:02 | Crear | Villager (Male) |
| 0:02 | Crear | Villager (Male) |
| 0:02 | Crear | Villager (Male) |
| 0:03 | Construir | House |
| 0:06 | Construir | House |
| 1:39 | Crear | Villager (Male) |
| 1:39 | Crear | Villager (Male) |
| 1:56 | Crear | Villager (Male) |
| 2:22 | Crear | Villager (Male) |
| 2:35 | Construir | Lumber Camp |
| 2:53 | Crear | Villager (Male) |
| 2:53 | Crear | Villager (Male) |
| 2:55 | Crear | Villager (Male) |
| 3:43 | Crear | Villager (Male) |
| 3:58 | Crear | Villager (Male) |
| 4:09 | Construir | House |
| 4:16 | Construir | House |
| 4:17 | Construir | House |
| 4:19 | Construir | Palisade Wall |
| 4:20 | Construir | Palisade Wall |
| 4:24 | Construir | Palisade Wall |
| 4:27 | Crear | Villager (Male) |
| 5:04 | Crear | Villager (Male) |
| 5:19 | Construir | Mill |
| 5:40 | Construir | Palisade Wall |
| 5:41 | Construir | Palisade Wall |
| 5:43 | Construir | Palisade Wall |
| 5:46 | Crear | Villager (Male) |
| 5:46 | Crear | Villager (Male) |
| 6:09 | Crear | Villager (Male) |
| 6:09 | Crear | Villager (Male) |
| 6:09 | Crear | Villager (Male) |
| 6:31 | Construir | Palisade Wall |
| 6:35 | Construir | Palisade Wall |
| 7:13 | Crear | Villager (Male) |
| 7:53 | Crear | Villager (Male) |
| 8:14 | Crear | Villager (Male) |
| 8:24 | Crear | Villager (Male) |
| 8:28 | Construir | Mining Camp |
| 8:56 | Crear | Villager (Male) |
| 8:56 | Investigar | Feudal Age |
| 9:38 | Crear | Villager (Male) |
| 9:38 | Crear | Villager (Male) |
| 9:53 | Construir | House |
| 10:20 | Construir | Palisade Wall |
| 10:29 | Edad | Edad Feudal |
| 10:51 | Construir | Stone Wall |
| 11:00 | Construir | Mill |
| 11:02 | Crear | Villager (Male) |
| 11:17 | Construir | Stone Wall |
| 11:20 | Construir | Stone Wall |
| 11:32 | Construir | Stone Wall |
| 11:46 | Crear | Villager (Male) |
| 11:59 | Construir | Market |
| 12:11 | Construir | Blacksmith |
| 12:13 | Construir | Farm |
| 12:22 | Crear | Villager (Male) |
| 12:30 | Construir | House |
| 13:02 | Crear | Villager (Male) |
| 13:37 | Investigar | Castle Age |
| 14:14 | Crear | Villager (Male) |
| 14:14 | Crear | Villager (Male) |
| 14:36 | Construir | Barracks |
| 14:46 | Investigar | Double-Bit Axe |
| 14:48 | Investigar | Horse Collar |
| 15:13 | Edad | Edad de los Castillos |
| 15:25 | Construir | House |
| 15:26 | Construir | House |
| 15:30 | Construir | House |
| 15:47 | Crear | Villager (Male) |
| 15:47 | Crear | Villager (Male) |
| 15:50 | Construir | Farm |
| 15:51 | Construir | Farm |
| 15:55 | Crear | Villager (Male) |
| 16:09 | Construir | Archery Range |
| 16:15 | Crear | Villager (Male) |
| 16:31 | Construir | Farm |
| 16:47 | Crear | Villager (Male) |
| 16:47 | Crear | Villager (Male) |
| 16:51 | Construir | Farm |
Build order — 2EZ.Fish
79 acciones detectadas en el replay
| 0:01 | Crear | Villager (Male) |
| 0:01 | Crear | Villager (Male) |
| 0:02 | Crear | Villager (Male) |
| 0:03 | Construir | House |
| 0:04 | Construir | House |
| 0:09 | Crear | Villager (Male) |
| 1:39 | Crear | Villager (Male) |
| 1:54 | Construir | Lumber Camp |
| 2:00 | Crear | Villager (Male) |
| 2:22 | Crear | Villager (Male) |
| 2:43 | Crear | Villager (Male) |
| 3:31 | Construir | House |
| 3:50 | Crear | Villager (Male) |
| 4:00 | Crear | Villager (Male) |
| 4:12 | Construir | Mill |
| 4:29 | Crear | Villager (Male) |
| 4:31 | Crear | Villager (Male) |
| 5:06 | Crear | Villager (Male) |
| 5:39 | Construir | Mill |
| 5:39 | Crear | Villager (Male) |
| 6:09 | Crear | Villager (Male) |
| 6:39 | Construir | Palisade Wall |
| 6:47 | Crear | Villager (Male) |
| 7:09 | Construir | Palisade Wall |
| 7:19 | Investigar | Loom |
| 7:57 | Investigar | Feudal Age |
| 8:38 | Construir | House |
| 9:16 | Construir | Barracks |
| 9:56 | Crear | Villager (Male) |
| 10:07 | Edad | Edad Feudal |
| 10:09 | Construir | Archery Range |
| 10:15 | Construir | Archery Range |
| 10:21 | Crear | Villager (Male) |
| 10:28 | Crear | Spearman |
| 10:41 | Crear | Villager (Male) |
| 10:52 | Construir | Lumber Camp |
| 10:56 | Crear | Villager (Male) |
| 11:04 | Crear | Villager (Male) |
| 11:22 | Construir | House |
| 11:24 | Crear | Archer |
| 11:24 | Crear | Skirmisher |
| 11:25 | Crear | Skirmisher |
| 11:39 | Construir | Mining Camp |
| 11:45 | Construir | House |
| 11:59 | Crear | Villager (Male) |
| 12:22 | Crear | Villager (Male) |
| 12:28 | Crear | Archer |
| 12:47 | Construir | Archery Range |
| 12:53 | Crear | Villager (Male) |
| 12:59 | Crear | Villager (Male) |
| 13:12 | Crear | Archer |
| 13:13 | Crear | Villager (Male) |
| 13:35 | Construir | Blacksmith |
| 13:39 | Construir | House |
| 13:55 | Investigar | Double-Bit Axe |
| 14:03 | Crear | Villager (Male) |
| 14:09 | Construir | Farm |
| 14:31 | Crear | Archer |
| 14:32 | Crear | Archer |
| 14:40 | Construir | Palisade Wall |
| 14:46 | Construir | Palisade Wall |
| 14:57 | Crear | Villager (Male) |
| 14:59 | Construir | Farm |
| 15:42 | Crear | Villager (Male) |
| 15:45 | Construir | Farm |
| 15:57 | Crear | Archer |
| 15:57 | Crear | Archer |
| 15:57 | Crear | Archer |
| 15:58 | Crear | Villager (Male) |
| 16:01 | Construir | House |
| 16:06 | Construir | Farm |
| 16:07 | Construir | Farm |
| 16:07 | Construir | Farm |
| 16:07 | Construir | Farm |
| 16:08 | Construir | Farm |
| 16:22 | Crear | Villager (Male) |
| 16:26 | Construir | Farm |
| 16:27 | Construir | Farm |
| 16:27 | Construir | Farm |
Build order — 2EZ.Vasalarc
74 acciones detectadas en el replay
| 0:02 | Crear | Villager (Male) |
| 0:02 | Crear | Villager (Male) |
| 0:02 | Crear | Villager (Male) |
| 0:03 | Construir | House |
| 0:06 | Construir | House |
| 0:23 | Crear | Villager (Male) |
| 1:33 | Crear | Villager (Male) |
| 1:52 | Crear | Villager (Male) |
| 2:32 | Crear | Villager (Male) |
| 2:47 | Crear | Villager (Male) |
| 2:53 | Construir | Lumber Camp |
| 3:18 | Crear | Villager (Male) |
| 3:33 | Crear | Villager (Male) |
| 3:42 | Construir | House |
| 3:50 | Crear | Villager (Male) |
| 4:24 | Crear | Villager (Male) |
| 5:04 | Crear | Villager (Male) |
| 5:15 | Crear | Villager (Male) |
| 5:37 | Construir | Mill |
| 5:44 | Crear | Villager (Male) |
| 6:09 | Construir | House |
| 6:14 | Crear | Villager (Male) |
| 6:22 | Crear | Villager (Male) |
| 6:56 | Crear | Villager (Male) |
| 7:35 | Investigar | Feudal Age |
| 8:03 | Construir | Mill |
| 8:28 | Construir | Mining Camp |
| 9:37 | Construir | Barracks |
| 9:45 | Edad | Edad Feudal |
| 9:46 | Construir | House |
| 9:48 | Crear | Villager (Male) |
| 9:48 | Crear | Villager (Male) |
| 9:52 | Crear | Villager (Male) |
| 9:52 | Crear | Villager (Male) |
| 9:58 | Construir | Farm |
| 10:02 | Construir | Farm |
| 10:06 | Construir | Farm |
| 10:38 | Construir | Stable |
| 10:44 | Crear | Villager (Male) |
| 11:02 | Investigar | Double-Bit Axe |
| 11:21 | Crear | Scout Cavalry |
| 11:22 | Crear | Scout Cavalry |
| 11:22 | Crear | Scout Cavalry |
| 11:25 | Crear | Villager (Male) |
| 11:29 | Construir | Farm |
| 11:35 | Construir | Farm |
| 11:52 | Crear | Scout Cavalry |
| 11:57 | Construir | House |
| 12:06 | Construir | Farm |
| 12:42 | Crear | Scout Cavalry |
| 12:42 | Crear | Scout Cavalry |
| 12:43 | Crear | Villager (Male) |
| 12:46 | Construir | Farm |
| 12:49 | Construir | Farm |
| 12:59 | Construir | Farm |
| 13:07 | Crear | Villager (Male) |
| 13:16 | Investigar | Horse Collar |
| 13:17 | Crear | Villager (Male) |
| 13:33 | Crear | Scout Cavalry |
| 13:41 | Construir | Farm |
| 13:45 | Construir | Farm |
| 13:59 | Construir | House |
| 14:00 | Crear | Villager (Male) |
| 14:07 | Construir | Farm |
| 14:23 | Construir | Farm |
| 14:28 | Crear | Villager (Male) |
| 14:44 | Crear | Villager (Male) |
| 14:57 | Construir | Farm |
| 15:23 | Construir | Farm |
| 15:36 | Construir | Blacksmith |
| 15:41 | Crear | Villager (Male) |
| 15:45 | Construir | Farm |
| 16:18 | Investigar | Scale Barding Armor |
| 16:19 | Investigar | Forging |
Cronología de la partida
| 4:19 | 2ez Scipi · wall_segment Palisade Wall x1 |
| 4:20 | 2ez Scipi · wall_segment Palisade Wall x1 |
| 4:24 | 2ez Scipi · wall_segment Palisade Wall x9 |
| 5:40 | 2ez Scipi · wall_segment Palisade Wall x1 |
| 5:41 | 2ez Scipi · wall_segment Palisade Wall x1 |
| 5:43 | 2ez Scipi · wall_segment Palisade Wall x8 |
| 6:31 | 2ez Scipi · wall_segment Palisade Wall x8 |
| 6:35 | 2ez Scipi · wall_segment Palisade Wall x20 |
| 6:39 | 2EZ.Fish · wall_segment Palisade Wall x6 |
| 7:09 | 2EZ.Fish · wall_segment Palisade Wall x5 |
| 8:04 | 2EZ.trombone · first_building Barracks |
| 9:04 | 2EZ.trombone · age_up feudal |
| 9:06 | 2EZ.trombone · first_building Archery Range |
| 9:16 | 2EZ.Fish · first_building Barracks |
| 9:37 | 2EZ.Vasalarc · first_building Barracks |
| 9:45 | 2EZ.Vasalarc · age_up feudal |
| 10:07 | 2EZ.Fish · age_up feudal |
| 10:09 | 2EZ.Fish · first_building Archery Range |
| 10:20 | 2ez Scipi · wall_segment Palisade Wall x1 |
| 10:29 | 2ez Scipi · age_up feudal |
| 10:33 | 2EZ.Rolo · age_up feudal |
| 10:38 | 2EZ.Vasalarc · first_building Stable |
| 10:39 | 2EZ.Rolo · wall_segment Stone Wall x14 |
| 10:46 | 2EZ.Rolo · wall_segment Stone Wall x9 |
| 10:51 | 2ez Scipi · wall_segment Stone Wall x17 |
| 11:02 | 2EZ.Rolo · wall_segment Stone Wall x7 |
| 11:17 | 2ez Scipi · wall_segment Stone Wall x8 |
| 11:20 | 2ez Scipi · wall_segment Stone Wall x18 |
| 11:21 | 2EZ_behemoth_ · age_up feudal |
| 11:32 | 2ez Scipi · wall_segment Stone Wall x2 |
| 11:39 | 2EZ.Rolo · wall_segment Stone Wall x13 |
| 12:07 | 2EZ.Rolo · wall_segment Stone Wall x3 |
| 12:28 | 2EZ_behemoth_ · first_market_sell 100 stone |
| 12:41 | 2EZ.trombone · wall_segment Palisade Wall x1 |
| 13:30 | 2ez Scipi · first_market_sell 100 wood |
| 13:31 | 2ez Scipi · first_market_buy 100 food |
| 13:37 | 2EZ.Rolo · wall_segment Stone Wall x2 |
| 14:28 | 2EZ.Rolo · wall_segment Stone Wall x3 |
| 14:36 | 2ez Scipi · first_building Barracks |
| 14:39 | 2EZ.trombone · wall_segment Palisade Wall x1 |
| 14:40 | 2EZ.Fish · wall_segment Palisade Wall x2 |
| 14:46 | 2EZ.Fish · wall_segment Palisade Wall x17 |
| 15:07 | 2EZ.Rolo · wall_segment Stone Wall x1 |
| 15:10 | 2EZ_behemoth_ · age_up castle |
| 15:12 | 2EZ_behemoth_ · first_building Castle |
| 15:13 | 2ez Scipi · age_up castle |
| 15:14 | 2EZ.Rolo · wall_segment Stone Wall x3 |
| 15:23 | 2EZ.Rolo · wall_segment Stone Wall x2 |
| 15:30 | 2EZ.trombone · wall_segment Stone Wall x7 |
| 15:48 | 2EZ.trombone · wall_segment Stone Wall x8 |
| 16:09 | 2ez Scipi · first_building Archery Range |
| 16:27 | 2EZ.Rolo · resign |
[ ANÁLISIS IA · 1 CRÉDITO ]
¿Qué pasó realmente en esta partida?
Wolo.gg analiza cada decisión: build order, eco, micro, errores típicos por bracket. Análisis personalizado por WhatsApp o Discord en 30 segundos.
Guía civ
Incas
Perfil
Jugador #20060415